 Dungeon Crawl Stone Soup version 0.29-a0-284-gf9362112df (webtiles) character file.

Game seed: 16296101708746083748

163 NinjaNoafa the Skirmisher (level 5, 0/47 HPs)
             Began as a Hill Orc Berserker on Mar 28, 2022.
             Was a Follower of Trog (penitent).
             Slain by a black bear (5 damage)
             ... created by the rage of Trog
             ... on level 4 of the Dungeon.
             The game lasted 00:22:02 (1613 turns).

NinjaNoafa the Skirmisher (Hill Orc Berserker)      Turns: 1613, Time: 00:22:03

Health: 0/47       AC: 10    Str: 17 (20) XL:     5   Next: 44%
Magic:  5/5        EV:  7    Int:  6 (7)  God:    Trog [*.....]
Gold:   53         SH:  0    Dex: 12      Spells: 2/4 levels left

rFire   . . .      SeeInvis .   F - +2 short sword (drain)
rCold   . . .      Faith    .   (no shield)
rNeg    . . .      Spirit   .   e - +0 chain mail
rPois   .          Reflect  .   c - +0 helmet
rElec   .          Harm     .   (no cloak)
rCorr   .          Rampage  .   (no gloves)
Will    .....                   (no boots)
Stlth   ..........              q - amulet of magic regeneration
HPRegen 0.15/turn               (no ring)
MPRegen 0.49/turn               (no ring)

@: no status effects
A: no striking features
a: Renounce Religion


You were on level 4 of the Dungeon.
You worshipped Trog.
Trog was demanding penance.
You visited 1 branch of the dungeon, and saw 4 of its levels.

You collected 53 gold pieces.

Inventory:

Hand Weapons
 a - a +0 hand axe
 g - a +1 vampiric dagger
 i - a +0 short sword
 j - a +0 whip
 m - a +0 spear of flaming
 o - a +0 short sword
 p - a +0 dagger
 r - the +4 longbow of Trauma {flame, Int+3}
   (You found it on level 3 of the Dungeon)

   Any ammunition fired from it burns those it strikes, dealing additional fire
   damage.
   Int:       It affects your intelligence (+3).
 s - a +0 dagger
 t - a +0 mace
 v - a +0 dagger
 y - a +0 dagger
 A - a +0 dagger
 B - a +0 flail
 D - a +0 whip
 F - a +2 short sword of draining (weapon)
Missiles
 f - 30 stones
 h - 3 poisoned darts (quivered)
Armour
 b - a +0 animal skin
 c - a +0 helmet (worn)
 d - a +0 robe
 e - a +0 chain mail (worn)
 k - a +0 leather armour
 l - a +0 leather armour
 n - a +1 barding
 u - a +0 scale mail
 x - a +0 robe
 z - a +0 leather armour
 C - a +0 ring mail
 E - a +0 chain mail
Jewellery
 q - an amulet of magic regeneration (around neck)
Wands
 w - a wand of iceblast (2)


   Skills:
 + Level 4.7 Fighting
 + Level 1.1 Short Blades
 + Level 4.6(4.7) Axes
 + Level 0.7(2.5) Maces & Flails
 + Level 1.5 Bows
 + Level 0.2 Throwing
 + Level 3.4 Armour
 + Level 1.9 Dodging


You had 2 spell levels left.
You knew the following spells:

 Your Spells              Type           Power      Damage    Failure   Level
a - Ensorcelled Hibernat  Hex/Ice        0%         N/A       100%        2

Your spell library contained the following spells:

 Spells                   Type           Power      Damage    Failure   Level
 Passwall                 Tmut/Erth      0%         N/A       100%        2
 Call Canine Familiar     Summ           0%         N/A       100%        3
 Gell's Gravitas          Tloc           0%         N/A       100%        3
 Lesser Beckoning         Tloc           0%         N/A       100%        3
 Portal Projectile        Hex/Tloc       0%         N/A       100%        3
 Swiftness                Air            0%         N/A       100%        3
 Teleport Other           Tloc           0%         N/A       100%        3
 Leda's Liquefaction      Hex/Erth       0%         N/A       100%        4


Dungeon Overview and Level Annotations

Branches:
Dungeon (4/15)
 Temple: D:4-7

Altars:
Ru


Message History

You see here an orc corpse.
There is an open door here.
You start resting.
HP restored.
Trog sends monsters to punish you. 3 black bears and 2 polar bears come into view.
You feel the dreadful sensation subside.
You sense an unholy aura.
F - a +2 short sword of draining (weapon)
You hit the black bear.
The black bear is lightly wounded.
The black bear bites you but does no damage.
The black bear barely misses you.
The black bear claws you but does no damage.
The black bear barely misses you. The black bear claws you.
The black bear claws you but does no damage.
The polar bear barely misses you. The polar bear claws you.
The polar bear claws you but does no damage.
You hit the black bear.
The black bear is moderately wounded.
The black bear bites you but does no damage.
The black bear claws you but does no damage.
The black bear claws you. The black bear bites you.
The black bear claws you but does no damage.
The black bear claws you.
The polar bear bites you but does no damage.
The polar bear completely misses you.
The polar bear claws you but does no damage.
The black bear bites you.
The black bear claws you but does no damage. x2
The polar bear bites you! The polar bear barely misses you. x2
The black bear bites you.
* * * LOW HITPOINT WARNING * * *
The black bear claws you but does no damage.
The black bear claws you.
* * * LOW HITPOINT WARNING * * *
The black bear bites you.
* * * LOW HITPOINT WARNING * * *
The black bear claws you.
You die...

..§≈.≈. #####.......
._.≈.≈.## ###...........
...≈.≈..# ###...##.⌠......
.§≈≈.≈..# ###...⌠..#.....8..
§§...≈.†###........##.......
≈≈(≈≈≈.†'.....†.....#.......
........##.⌠.)......##......
........##h.h..8.....#..⌠...
.....$..###@h......⌠.##...##
........# #hh.........#.###
<.....### ##........###
###... #..⌠...### #...
##...### #... #.### .# ..


You could see 2 polar bears and 3 black bears.

Vanquished Creatures
  A bullfrog (D:4)
  An orc wizard (D:4)
  3 adders
  2 worms
  A dart slug (D:2)
  5 orcs (D:4)
  4 ball pythons
  2 endoplasms
  2 giant cockroaches
  2 goblins
  A hobgoblin (D:1)
  2 jackals (D:4)
  A quokka (D:1)
  3 bats (D:2)
  3 frilled lizards (D:2)
  3 kobolds
  2 rats
38 creatures vanquished.

Notes
Turn   | Place    | Note
-------+----------+-------------------------------------------
     0 | D:1      | NinjaNoafa the Hill Orc Berserker began the quest for the
                  | Orb.
     0 | D:1      | Reached XP level 1. HP: 19/19 MP: 1/1
   230 | D:1      | Found a faded altar of an unknown god.
   313 | D:1      | Reached XP level 2. HP: 23/27 MP: 2/2
   624 | D:2      | Reached XP level 3. HP: 33/33 MP: 3/3
   662 | D:2      | Was placed under penance by Trog
   665 | D:2      | Learned a level 2 spell: Ensorcelled Hibernation
   967 | D:3      | Identified the +4 longbow of Trauma {flame, Int+3}
  1093 | D:4      | Reached XP level 4. HP: 18/41 MP: 4/4
  1112 | D:4      | Noticed a bullfrog
  1119 | D:4      | Killed a bullfrog
  1120 | D:4      | Reached skill level 1 in Short Blades
  1120 | D:4      | Reached XP level 5. HP: 13/47 MP: 5/5
  1131 | D:4      | Reached skill level 1 in Bows
  1494 | D:4      | Found a sacrificial altar of Ru.
  1611 | D:4      | Noticed a black bear
  1611 | D:4      | Noticed a polar bear
  1611 | D:4      | Noticed a black bear
  1611 | D:4      | Noticed a black bear
  1611 | D:4      | Noticed a polar bear
  1613 | D:4      | Slain by a black bear

Illustrated notes

Levels and vault maps discovered:
D:1:      wander_arrival_desolate, layout_basic, shapermc_ecumenical_altar_venn
D:2:      layout_loops_ring, kennysheep_generic_room_6, uniq_crazy_yiuf_cottage,
          uniq_sigmund
D:3:      layout_basic, bloody_makhleb, kennysheep_crisscross
D:4:      minmay_skewed_foursquare, layout_basic,
          mainiacjoe_overflow_concentric_impassable,
          mainiacjoe_overflow_boulevard, zin_scriptorium, temple_green,
          kennysheep_generic_room_7, uniq_edmund

Skill      XL: |  1  2  3  4  5 |
---------------+----------------+-----
Fighting       | 4 |  4.7
Armour         | 3 |  3.4
Short Blades   | 1 |  1.1
Bows           | 1 |  1.5
Axes           | |  4.6
Maces & Flails | |  0.7
Throwing       | |  0.2
Dodging        | |  1.9

Action                   |  1- 3 |  4- 6 || total
-------------------------+-------+-------++-------
Melee: Hand axe          |     7 |       ||     7
       Dagger            |   111 |    20 ||   131
       Whip              |     4 |       ||     4
       Longbow           |     3 |     2 ||     5
       Spear             |     1 |       ||     1
       Short sword       |       |     2 ||     2
       Punch             |       |     1 ||     1
 Fire: Longbow           |     5 |     7 ||    12
Throw: Stone             |     5 |       ||     5
       Dart              |     6 |     2 ||     8
Evoke: Wand              |       |     3 ||     3
  Use: Potion            |     1 |     1 ||     2
       Scroll            |     1 |       ||     1
Armor: Chain mail        |    87 |    33 ||   120
       Robe              |     1 |       ||     1
Dodge: Dodged            |    72 |    27 ||    99

Table legend: (Time is in decaauts)
 A = Elapsed time spent in this place.
 B = Non-inter-level travel time spent in this place.
 C = Inter-level travel time spent in this place.
 D = Time resting spent in this place.
 E = Time spent auto-exploring this place.
 F = Levels seen in this place.
 G = Mean time per level.
                   A        B        C        D        E       F      G
               +--------+--------+--------+--------+--------+-----+--------+
         Total |   1621 |   1621 |      0 |    357 |    127 |   4 |  405.2 |
       Dungeon |   1621 |   1621 |      0 |    357 |    127 |   4 |  405.2 |
               +--------+--------+--------+--------+--------+-----+--------+

Top non-repeatable levels by time:
     D:4: 580 daAuts
     D:1: 431 daAuts
     D:2: 386 daAuts
     D:3: 222 daAuts
